 Dungeon Crawl Stone Soup version 0.31-a0-859-g9dce7d3444 (webtiles) character file.

Game seed: 10688022234471977189

86 Shayle the Ruffian (level 4, -5/34 HPs)
             Began as a Human Shapeshifter on Oct 9, 2023.
             Slain by a gnoll
             ... wielding a +0 halberd
              (6 damage)
             ... on level 2 of the Dungeon.
             The game lasted 00:04:11 (1103 turns).

Shayle the Ruffian (Human Shapeshifter)             Turns: 1103, Time: 00:04:12

Health: -5/34      AC:  9    Str: 14    XL:     4   Next: 78%
Magic:  6/6        EV: 11    Int: 13    God:
Gold:   52         SH:  0    Dex: 12    Spells: 6/6 levels left

rFire   . .          .
                       - Unarmed
rCold   . . .        (no shield)
rNeg    . . .        e - +0 ring mail
rPois   .            (helmet currently unavailable)
rElec   .            (cloak currently unavailable)
rCorr   .            (gloves currently unavailable)
SInv    .            (boots currently unavailable)
Will    +....        (no amulet)
Stlth   +            h - +4 ring of protection
HPRegen 0.25/turn    (no ring)
MPRegen 0.10/turn

%: no passive effects
@: beast-form, enlightened, flying
A: beast (slay +1)
a: Begin Untransformation


You were on level 2 of the Dungeon.
You were a hulking beast.
You visited 1 branch of the dungeon, and saw 2 of its levels.

You collected 52 gold pieces.

Inventory:

Armour
 a - a +0 animal skin
 e - a +0 ring mail (worn)
 f - a +0 chain mail
 j - a scarf of harm
Jewellery
 g - an amulet of faith
 h - a +4 ring of protection (left hand)
Talismans
 c - a beast talisman (active)
 d - a flux talisman
Scrolls
 i - a scroll of fear {unknown}
 k - 2 scrolls of identify {unknown}
 l - a scroll of poison {unknown}
 n - a scroll of enchant weapon {unknown}
 o - a scroll of vulnerability {unknown}
 p - a scroll of enchant armour {unknown}
 q - a scroll of teleportation {unknown}
 r - a scroll of immolation {unknown}
Potions
 b - a potion of lignification


   Skills:
 + Level 2.5 Fighting
 - Level 2.0 Dodging
 + Level 3.8 Unarmed Combat
 + Level 1.8 Spellcasting
 - Level 3.0 Shapeshifting


You had 6 spell levels left.
You didn't know any spells.
Your spell library contained the following spells:

 Spells                   Type           Power      Damage    Failure   Level
 Apportation              Tloc           2%         N/A       47%         1
 Jinxbite                 Hex            2%         N/A       63%         2
 Alistair's Intoxication  Tmut/Pois      0%         N/A       100%        5


Dungeon Overview and Level Annotations

Branches:
Dungeon (2/15)

Altars:


Message History

You hit the gnoll.
The gnoll is heavily wounded.
The gnoll hits you with a +0 spear.
You hit the gnoll.
The gnoll is severely wounded.
The gnoll hits you but does no damage.
You hit the gnoll.
You kill the gnoll!
Things that are here:
a +0 spear; a gnoll corpse
k - 2 scrolls labelled MUOMAN FIAPARCH (gained 1)
r - a scroll labelled GOKHLA DOESK A gnoll comes into view.
It is wielding a +0 halberd.
The gnoll shouts!
Okay, then.
A gnoll comes into view. It is wielding a +0 spear.
The gnoll shouts!
Okay, then.
A gnoll comes into view. It is wielding a +0 club.
The gnoll attacks as it pursues you!
The gnoll hits you from afar with a +0 halberd!
The gnoll attacks as it pursues you!
The gnoll hits you from afar with a +0 halberd!
Things that are here:
a +0 spear; a gnoll corpse The gnoll attacks as it pursues you!
The gnoll closely misses you.
Things that are here:
a +0 flail; a +0 spear; a gnoll corpse The gnoll attacks as it pursues you!
The gnoll hits you from afar with a +0 halberd!
* * * LOW HITPOINT WARNING * * *
It was a potion of enlightenment.
You feel very buoyant.
You fly up into the air.
The gnoll hits you from afar with a +0 halberd!
* * * LOW HITPOINT WARNING * * *
Okay, then.
The gnoll attacks as it pursues you!
The gnoll hits you from afar with a +0 halberd.
You die...

##.#..#.# #### #.#.##.#
.##<# #......# ##..##.#
###.#### ###...#
#.#########.# #####...#
#.#...)g)...#
##...†.#######†#g#########
...####......#.#.# ####
#.####...#h# #.# #.....#
#.# ##.#### #.# #.#
#.#####.# #.......#
#########


You could see a gnoll.

Vanquished Creatures
  3 gnolls (D:2)
  A worm (D:2)
  2 dart slugs (D:2)
  3 ball pythons (D:1)
  3 endoplasms
  3 giant cockroaches
  3 hobgoblins
  3 jackals (D:1)
  5 kobolds
  3 quokkas
  9 bats
  A frilled lizard (D:1)
  3 goblins (D:1)
  5 rats
47 creatures vanquished.

Notes
Turn   | Place    | Note
-------+----------+-------------------------------------------
     0 | D:1      | Shayle the Human Shapeshifter began the quest for the Orb.
     0 | D:1      | Reached XP level 1. HP: 15/15 MP: 1/1
    22 | D:1      | Found a faded altar of an unknown god.
    22 | D:1      | Noticed an eye of devastation
    66 | D:1      | Noticed a golden eye
    96 | D:1      | Reached XP level 2. HP: 19/21 MP: 2/2
   210 | D:1      | Noticed a great orb of eyes
   224 | D:1      | Noticed an eye of devastation
   382 | D:1      | Reached skill level 1 in Spellcasting
   388 | D:1      | Reached XP level 3. HP: 24/27 MP: 4/4
   942 | D:2      | Reached XP level 4. HP: 30/33 MP: 6/6
  1102 | D:2      | HP: 1/34 [gnoll/+0 halberd (10)]
  1103 | D:2      | Slain by a gnoll

Illustrated notes

Levels and vault maps discovered:
D:1:      minmay_arrival_doors, layout_basic,
          hellmonk_ecumenical_altar_watching_god
D:2:      layout_basic

Skill      XL: |  1  2  3 |
---------------+----------+-----
Spellcasting   | 1 |  1.8
Fighting       | 2 |  2.5
Dodging        | |  2.0
Unarmed Combat | |  3.8
Shapeshifting  | |  3.0

Action                     |  1- 3 |  4- 6 || total
---------------------------+-------+-------++-------
  Melee: Unarmed           |   132 |    25 ||   157
         Punch             |     6 |     2 ||     8
    Use: Potion            |       |     1 ||     1
 Armour: Ring mail         |    86 |    20 ||   106
         Animal skin       |     5 |       ||     5
  Dodge: Dodged            |    80 |    12 ||    92

Table legend: (Time is in decaauts)
 A = Elapsed time spent in this place.
 B = Non-inter-level travel time spent in this place.
 C = Inter-level travel time spent in this place.
 D = Time resting spent in this place.
 E = Time spent auto-exploring this place.
 F = Levels seen in this place.
 G = Mean time per level.
                   A        B        C        D        E       F      G
               +--------+--------+--------+--------+--------+-----+--------+
         Total |   1091 |   1074 |     17 |     47 |    562 |   2 |  545.5 |
       Dungeon |   1091 |   1074 |     17 |     47 |    562 |   2 |  545.5 |
               +--------+--------+--------+--------+--------+-----+--------+

Top non-repeatable levels by time:
     D:1: 638 daAuts
     D:2: 453 daAuts
